AoeStats
← xXlinkdu34Xx

Oasis

507742978Analyzed
2v2 RM · 11d ago on Sep 19, 2026· 42m 59s· 4 players
Game mode
Random Map
Map size
Medium (4 player)
Population
200
Speed
Normal
Resources
Standard
Victory
Conquest
Starting age
Dark Age
Ending age
Imperial Age
RankedLock teamsTeams togetherTeam positionsShared explorationLock speedFull tech treeHidden civsTurbo modeCheats
Victory
Defeat
🇬🇷 Persians · Greece
1181
+12
🇭🇰 Portuguese · Hong Kong SAR China
1109
+16
🇫🇷 Bulgarians · France
1101
-14
🇦🇹 Hindustanis · Austria
1098
-14
Delf
0:32 Loom
5:11 Loom
10:33 Feudal Age
11:40 Double-Bit Axe
12:53 Horse Collar
14:56 Scale Mail Armor
20:24 Castle Age
19:36 Fletching
20:43 Padded Archer Armor
21:21 Elite Skirmisher
26:47 Wheelbarrow
27:13 Stone Mining
27:36 Bow Saw
29:29 Hand Cart
30:03 Bloodlines
32:12 Ballistics
35:18 Scale Barding Armor
36:48 Chain Barding Armor
36:39 Forging
36:33 Husbandry
38:35 Gold Mining
39:22 Iron Casting
41:59 Bodkin Arrow
xXlinkdu34Xx
2:49 Loom
13:17 Feudal Age
13:53 Horse Collar
14:01 Double-Bit Axe
15:54 Wheelbarrow
20:06 Forging
20:45 Scale Barding Armor
21:54 Gold Mining
25:18 Scale Mail Armor
29:53 Castle Age
28:43 Fletching
31:47 Bodkin Arrow
34:00 Bow Saw
36:55 Bloodlines
36:06 Light Cavalry
36:46 Husbandry
39:17 Iron Casting
39:11 Hand Cart
39:44 Gold Shaft Mining
39:06 Stone Mining
40:02 Chain Barding Armor
40:41 Heavy Plow
YKK
7:08 Loom
9:54 Feudal Age
10:16 Man-at-Arms
10:51 Double-Bit Axe
10:48 Horse Collar
16:53 Wheelbarrow
20:02 Castle Age
18:53 Bloodlines
18:58 Forging
20:03 Scale Barding Armor
21:15 Chain Barding Armor
21:00 Husbandry
25:11 Iron Casting
31:20 Heavy Plow
31:34 Bow Saw
34:44 Imperial Age
33:04 Hand Cart
32:34 Town Watch
34:39 Gold Mining
35:52 Conscription
35:32 Cavalier
37:25 Plate Barding Armor
37:32 Crop Rotation
38:18 Blast Furnace
38:03 Siege Engineers
38:14 Circumnavigation
38:13 Light Cavalry
38:16 Elite Organ Gun
VincentVega
9:37 Feudal Age
9:04 Loom
10:23 Double-Bit Axe
11:01 Horse Collar
17:05 Scale Barding Armor
17:52 Fletching
19:51 Gold Mining
21:06 Forging
22:58 Wheelbarrow
25:21 Castle Age
25:19 Bloodlines
25:32 Light Cavalry
26:14 Husbandry
26:37 Chain Barding Armor
26:18 Scale Mail Armor
26:56 Iron Casting
27:16 Thumb Ring
26:31 Crossbowman
27:56 Crossbowman
29:52 Bow Saw
30:05 Bodkin Arrow
32:04 Heavy Plow
37:56 Stone Mining
Connection lost

Rejoining the realm…

Still unreachable

The connection could not be restored.

Session expired

The server has moved on; the page needs a fresh start.